 Dungeon Crawl Stone Soup version 0.21-a0-396-ga924934 (webtiles) character file.

41 sagitran the Slasher (level 3, 0/28 HPs)
             Began as a Demonspawn Gladiator on Oct 19, 2017.
             Slain by an adder (4 damage)
             ... on level 2 of the Dungeon.
             The game lasted 00:03:42 (1133 turns).

sagitran the Slasher (Demonspawn Gladiator)         Turns: 1133, Time: 00:03:42

Health: 0/28       AC:  3    Str: 15    XL:     3   Next: 32%
Magic:  3/3        EV: 13    Int:  9    God:
Gold:   26         SH:  0    Dex: 14    Spells: 2/2 levels left

rFire    . . .     SeeInvis .   a - +0 long sword
rCold    . . .     Gourm    .   (no shield)
rNeg     . . .     Faith    .   b - +0 leather armour
rPois    .         Spirit   .   (helmet restricted)
rElec    .         Reflect  .   (no cloak)
rCorr    .         Harm     .   (no gloves)
MR       .....                  (no boots)
Stlth    +.........             (no amulet)
HPRegen  0.09/turn              (no ring)
MPRegen  0.08/turn              (no ring)

@: lethally poisoned (0 -> -4), invisible
A: antennae 2
a: no special abilities


You were on level 2 of the Dungeon.
You were hungry.

You visited 1 branch of the dungeon, and saw 2 of its levels.

You collected 26 gold pieces.

Inventory:

Hand Weapons
 a - a +0 long sword (weapon)
Missiles
 d - 3 throwing nets (quivered)
Armour
 b - a +0 leather armour (worn)
 c - a +0 helmet
Scrolls
 e - 2 scrolls of identify
 j - a scroll of enchant weapon {unknown}
 k - a scroll of noise {unknown}
 l - a scroll of enchant armour {unknown}
Potions
 i - a potion of heal wounds {unknown}
 m - a potion of ambrosia {unknown}
 n - a potion of lignification {unknown}
 o - a potion of magic {unknown}
 p - a potion of haste {unknown}
Comestibles
 f - 2 bread rations
 g - a fruit


   Skills:
 + Level 2.4 Fighting
 + Level 3.2 Long Blades
 + Level 1.8 Throwing
 + Level 0.4 Armour
 + Level 3.1 Dodging


You had 2 spell levels left.
You didn't know any spells.

Dungeon Overview and Level Annotations

Branches:
Dungeon (2/15)

Altars:


Innate Abilities, Weirdness & Mutations

You have a pair of antennae on your head.


Message History

The kobold is severely wounded.
The kobold hits you with a dagger. The kobold hits you but does no damage.
The adder bites you.
The kobold throws a stone.
The stone misses you.
You see here a stone.
A kobold comes into view. It is wielding a short sword of venom.
The kobold shouts!
The adder bites you.
* * * LOW HITPOINT WARNING * * *
You are poisoned.
The adder poisons you!
You feel sick.
As you read the scroll labeled QIKAQI XOZE, it crumbles to dust.
It is a scroll of identify.
h - a potion of invisibility You feel sick.
The adder bites you.
* * * LOW HITPOINT WARNING * * *
The adder barely misses you.
You riposte.
You barely miss the adder.
You fade into invisibility!
The adder bites you.
You die...

........# #...#######
........# #..))...w.#
........## ##.######..
.........# #..# ###
......K..##### ##.#
........({{..####.#######
....K...####..l.#.......#
......KS#######.##......#
#####...@..# #.........#
######.######.......#
.... ##.†....# ##.<
#......# ####.##..w....
......#......#
.......#####..
.......{{{...#
.......#######


You could see an adder and 3 kobolds.

Vanquished Creatures
  An ooze (D:2)
  2 dart slugs (D:1)
  A ball python (D:1)
  2 giant cockroaches (D:1)
  3 goblins
  7 hobgoblins
  4 jackals (D:2)
  2 bats (D:1)
  A frilled lizard (D:2)
  2 kobolds (D:1)
  3 rats
  A plant (D:1)
29 creatures vanquished.

Notes
Turn   | Place    | Note
-------+----------+-------------------------------------------
     0 | D:1      | sagitran the Demonspawn Gladiator began the quest for the Orb.
     0 | D:1      | Reached XP level 1. HP: 16/16 MP: 1/1
   557 | D:1      | Gained mutation: You have a pair of small antennae on your head. [demonic ancestry]
   557 | D:1      | Reached XP level 2. HP: 22/22 MP: 2/2
   988 | D:2      | Gained mutation: You have a pair of antennae on your head. [demonic ancestry]
   988 | D:2      | Reached XP level 3. HP: 27/28 MP: 3/3
  1133 | D:2      | Slain by an adder

Vault maps used:
D:1:      onia_arrival_mini_maze_b
D:2:      gammafunk_temple_overflow_statue, first_bread, guppyfry_early_orc_mine

Skill      XL: |  1  2 |
---------------+-------+-----
Long Blades    | 3 |  3.2
Dodging        | 3 |  3.1
Fighting       | |  2.4
Throwing       | |  1.8
Armour         | |  0.4

Action                   || total
-------------------------++-------
Melee: Long sword        ||   105
  Use: Scroll            ||     1
       Potion            ||     1
Armor: Leather armour    ||    22
Dodge: Dodged            ||    59
       Rpst.: Long sword ||    17

Table legend:
 A = Spawn XP
 B = Non-spawn XP
 C = Spawn XP percentage of total XP
 D = Spawn monster count
 E = Non-spawn monster count
 F = Spawn count percentage of total count
 G = Total turns spent on level
                    A         B        C        D         E        F      G
               +---------+---------+-------+---------+---------+-------+---------
         Total |       0 |      59 |   0.0 |       0 |      28 |   0.0 |  1133
               +---------+---------+-------+---------+---------+-------+---------
           D:1 |       0 |      36 |   0.0 |       0 |      18 |   0.0 |   934
           D:2 |       0 |      23 |   0.0 |       0 |      10 |   0.0 |   199
               +---------+---------+-------+---------+---------+-------+---------
